 Dungeon Crawl Stone Soup version 0.22-a0-619-ga0c6fd2 (webtiles) character file.

5 Amnesiac the Magician (level 1, -1/13 HPs)
             Began as a Mummy Earth Elementalist on July 14, 2018.
             Slain by an adder (4 damage)
             ... on level 2 of the Dungeon.
             The game lasted 00:00:40 (451 turns).

Amnesiac the Magician (Mummy Earth Elementalist)     Turns: 451, Time: 00:00:41

Health: -1/13      AC:  2    Str: 11    XL:     1   Next: 66%
Magic:  2/4        EV: 12    Int: 14    God:
Gold:   0          SH:  0    Dex: 12    Spells: 4/5 levels left

rFire    x . .     SeeInvis .   a - +0 mace
rCold    + . .     Gourm    .   (no shield)
rNeg     + + +     Faith    .   c - +0 robe
rPois    ∞         Spirit   .   (no helmet)
rElec    .         Reflect  .   (no cloak)
rCorr    .         Harm     .   (no gloves)
MR       .....                  (no boots)
Stlth    ++........             (no amulet)
HPRegen  0.04/turn              (no ring)
MPRegen  0.09/turn              (no ring)

@: very slightly contaminated
A: no food or potions, fire vulnerability, cold resistance 1, negative energy
resistance 3, torment resistance, unbreathing
a: no special abilities


You were on level 2 of the Dungeon.
You were not hungry.

You visited 1 branch of the dungeon, and saw 2 of its levels.

Inventory:

Hand Weapons
 a - a +0 mace (weapon)
Missiles
 b - 27 stones (quivered)
Armour
 c - a +0 robe (worn)
Jewellery
 d - an uncursed amulet of the acrobat {unknown}
Scrolls
 e - a scroll of enchant armour {!r, unknown}


   Skills:
 - Level 1.5 Dodging
 + Level 1.6 Stealth
 + Level 2.7 Spellcasting
   Level 0.7 Transmutations
 * Level 2.7 Earth Magic


You had 4 spell levels left.
You knew the following spells:

 Your Spells              Type           Power        Failure   Level  Hunger
a - Sandblast             Erth           #.....       8%          1    N/A

Your spell library contained the following spells:

 Spells                   Type           Power        Failure   Level  Hunger
 Stone Arrow              Conj/Erth      #.....       36%         3    N/A
 Passwall                 Tmut/Erth      #.......     17%         2    N/A
 Lee's Rapid Deconstruct  Erth           #.........   90%         5    N/A
 Petrify                  Tmut/Erth      #.......     73%         4    N/A

Dungeon Overview and Level Annotations

Branches:
Dungeon (2/15)

Altars:
Uskayaw


Innate Abilities, Weirdness & Mutations

You do not eat or drink.
Your flesh is vulnerable to fire.
You are immune to poison.
Your flesh is cold resistant. (rC+)
You are immune to negative energy. (rN+++)
You are immune to unholy pain and torment.
You can survive without breathing.


Message History

Magic restored.
You start resting.
HP restored.
You see here a leopard gecko corpse.
d - a runed peridot amulet A frilled lizard comes into view.
A frilled lizard is nearby!
The frilled lizard hisses angrily.
You thump the frilled lizard!
You kill the frilled lizard!
No target in view!
No target in view!
You see here a frilled lizard corpse.
Found a stone staircase leading down.
e - a scroll labeled LOOTRIALATZ {!r}
There is a stone staircase leading down here.
You climb downwards.
A quokka comes into view.
There is a stone staircase leading up here.
The quokka bites you.
You hit the quokka.
The quokka is severely wounded.
The quokka barely misses you. The quokka bites you.
You hit the quokka.
You kill the quokka!
No target in view!
No target in view!
You start resting.
HP restored.
Found a hide-covered altar of Uskayaw.
An adder comes into view.
The adder hisses angrily.
Found a leather armour.
There is a hide-covered altar of Uskayaw here.
Found 8 gold pieces.
Casting: Sandblast (safe; 8% risk of failure)
Confirm with . or Enter, or press ? or * to list all spells.
Aiming: Sandblast (safe; 8% risk of failure)
Press: ? - help, Shift-Dir - straight line, f - adder
Aim: an adder The blast of sand misses the adder.
b - 27 stones You hit the adder.
The adder is moderately wounded.
The adder barely misses you. The adder closely misses you.
You barely miss the adder.
The adder is moderately wounded.
The adder bites you. x2
You miss the adder.
The adder is moderately wounded.
The adder bites you.
* * * LOW HITPOINT WARNING * * *
The adder bites you.
* * * LOW HITPOINT WARNING * * *
You are too injured to fight recklessly!
Casting: Sandblast (safe; 8% risk of failure)
Confirm with . or Enter, or press ? or * to list all spells.
Aiming: Sandblast (safe; 8% risk of failure)
Press: ? - help, Shift-Dir - straight line, f/p - adder
Aim: an adder (moderately wounded)
You miscast Sandblast.
You are very lightly contaminated with residual magic.
Nothing appears to happen.
The adder bites you.
You die...

#.......< #.#
#...###.# #.#
#.....#.# #$#
#.#.#.#.#
##.########...#....
#.................#
#..#########..##..#
##.................#
#..@....#####.....##
#..S._.....###.####
#........#.# #.#
#..#####.# # #.#
#..#((.#...# .#
#..#...#...# .#
#..#####.#.#
##.........#
####..[....


You could see 2 dancing weapons and an adder.

Vanquished Creatures
  A leopard gecko (D:1)
  A goblin (D:1)
  A quokka (D:2)
  A frilled lizard (D:1)
4 creatures vanquished.

Notes
Turn   | Place    | Note
-------+----------+-------------------------------------------
     0 | D:1      | Amnesiac the Mummy Earth Elementalist began the quest for the Orb.
     0 | D:1      | Reached XP level 1. HP: 13/13 MP: 4/4
   439 | D:2      | Found a hide-covered altar of Uskayaw.
   441 | D:2      | Noticed a dagger
   441 | D:2      | Noticed a dagger
   451 | D:2      | Slain by an adder

Vault maps used:
D:1:      lightli_arrival_lavapool, minmay_stone_trees_large,
          minmay_parallelograms, bh_walls_and_bars
D:2:      lemuel_round_altar, dancing_weapons_uskayaw

Action                   || total
-------------------------++-------
Melee: Mace              ||    17
 Cast: Sandblast         ||     3
Armor: Robe              ||     1
Dodge: Dodged            ||    16

Table legend:
 A = Spawn XP
 B = Non-spawn XP
 C = Spawn XP percentage of total XP
 D = Spawn monster count
 E = Non-spawn monster count
 F = Spawn count percentage of total count
 G = Total turns spent on level
                    A         B        C        D         E        F      G
               +---------+---------+-------+---------+---------+-------+---------
         Total |       0 |       8 |   0.0 |       0 |       4 |   0.0 |   451
               +---------+---------+-------+---------+---------+-------+---------
           D:1 |       0 |       6 |   0.0 |       0 |       3 |   0.0 |   322
           D:2 |       0 |       2 |   0.0 |       0 |       1 |   0.0 |   129
               +---------+---------+-------+---------+---------+-------+---------
